[Event "ICC tourney 1955 (60 10)"]
[Site "Internet Chess Club"]
[Date "2020.08.09"]
[Round "7"]
[White "raghuraja"]
[Black "tongchen"]
[Result "1/2-1/2"]
[ICCResult "Game drawn by mutual agreement"]
[WhiteElo "1784"]
[BlackElo "1969"]
[Opening "Grünfeld: 5.e3"]
[ECO "D94"]
[NIC "GI.09"]
[Time "12:03:16"]
[TimeControl "3600+10"]

1. d4 Nf6 2. c4 g6 3. Nc3 d5 4. Nf3 Bg7 5. e3 O-O 6. h3 c5 7. cxd5 Nxd5 8.
Be2 Nc6 9. O-O Nxc3 10. bxc3 cxd4 11. cxd4 e6 12. Ba3 Re8 13. Qc2 e5 14.
dxe5 Nxe5 15. Nxe5 Bxe5 16. Rac1 Be6 17. Bb5 Qa5 18. Bxe8 Qxa3 19. Qa4 Qxa4
20. Bxa4 Bxa2 21. f4 Bf6 22. Rc7 Rb8 23. Rfc1 Be6 24. Bd7 Bxd7 25. Rxd7 a5
26. e4 a4 27. e5 Bd8 28. Rcd1 Bb6+ 29. Kf1 a3 30. Ra1 Bc5 31. Ra2 b5 32. Rd3
b4 33. Rb3 Kf8 34. Ke2 Ra8 35. Kd3 Ke8 36. Kc4 Bf8 37. Rd3
{Game drawn by mutual agreement}
1/2-1/2

[Event "ICC tourney 1955 (60 10)"]
[Site "Internet Chess Club"]
[Date "2020.08.09"]
[Round "7"]
[White "karuto2006"]
[Black "taupuri"]
[Result "0-1"]
[ICCResult "White resigns"]
[WhiteElo "1770"]
[BlackElo "1933"]
[Opening "Caro-Kann: classical, 6.h4"]
[ECO "B19"]
[NIC "CK.11"]
[Time "12:03:34"]
[TimeControl "3600+10"]

1. e4 c6 2. d4 d5 3. Nc3 dxe4 4. Nxe4 Bf5 5. Ng3 Bg6 6. h4 h6 7. Nf3 e6 8.
h5 Bh7 9. Bd3 Bxd3 10. Qxd3 Nf6 11. Bd2 Bd6 12. Ne4 Nxe4 13. Qxe4 Nd7 14.
O-O-O Nf6 15. Qe2 Qc7 16. c4 O-O-O 17. Kb1 c5 18. Be3 Kb8 19. Rc1 Ka8 20.
Rhd1 Rc8 21. Nd2 Rhd8 22. Nb3 cxd4 23. Nxd4 Bc5 24. Nb5 Qb6 25. Rxd8 Rxd8
26. Bf4 Rc8 27. Rd1 a6 28. Nd6 Bxd6 29. Bxd6 Qc6 30. c5 Qxg2 31. Rd3 Qh1+
32. Rd1 Qxh5 33. f3 Qf5+ 34. Ka1 Nd5 35. a3 g6 36. Rd4 Qf6 37. Ra4 Rc6 38.
Be5 Qg5 39. f4 Qg1+ 40. Ka2 Qxc5 41. Qd3 Qc2 {White resigns} 0-1

[Event "ICC tourney 1955 (60 10)"]
[Site "Internet Chess Club"]
[Date "2020.08.09"]
[Round "7"]
[White "sichuansy"]
[Black "Jonjons"]
[Result "1-0"]
[ICCResult "Black resigns"]
[WhiteElo "1954"]
[BlackElo "1720"]
[Opening "QGD"]
[ECO "D52"]
[NIC "SL.03"]
[Time "12:02:18"]
[TimeControl "3600+10"]

1. Nf3 d5 2. d4 Nf6 3. c4 c6 4. Nc3 e6 5. Bg5 Nbd7 6. e3 Be7 7. Bd3 dxc4 8.
Bxc4 b5 9. Bd3 a6 10. O-O Bb7 11. a3 c5 12. Qe2 O-O 13. Rfd1 Qb6 14. Rac1 h6
15. Bh4 Rac8 16. Ne5 Rfe8 17. dxc5 Nxc5 18. Bb1 Nd5 19. Nxd5 Bxd5 20. Bxe7
Rxe7 21. b4 Qb8 22. Nxf7 Rxf7 23. Rxc5 Rxc5 24. bxc5 g5 25. Ba2 Qe5 26. Bxd5
exd5 27. Qd3 Qf5 28. Qxf5 Rxf5 29. g4 Re5 30. Kg2 Kf7 31. Kf3 Ke7 32. Rc1
Kd7 33. Ke2 d4 34. Rd1 Kc6 35. Rxd4 Kxc5 36. Rd8 Kc4 37. Rc8+ Kb3 38. Rc6 a5
39. Kd3 Kxa3 40. Rxh6 b4 41. f4 gxf4 42. exf4 Re8 43. f5 b3 44. Rb6 b2 45.
f6 Ka2 46. g5 b1=Q+ 47. Rxb1 Kxb1 48. f7 Rd8+ 49. Kc4 a4 50. Kb4 Ra8 51. Ka3
{Black resigns}
1-0

[Event "ICC tourney 1955 (60 10)"]
[Site "Internet Chess Club"]
[Date "2020.08.09"]
[Round "7"]
[White "saanvichess"]
[Black "ThunderingFish"]
[Result "1-0"]
[ICCResult "Black checkmated"]
[WhiteElo "1664"]
[BlackElo "1885"]
[Opening "Sicilian: Scheveningen variation"]
[ECO "B80"]
[NIC "SI.19"]
[Time "12:03:45"]
[TimeControl "3600+10"]

1. e4 c5 2. Nf3 e6 3. d4 cxd4 4. Nxd4 Nf6 5. Nc3 d6 6. Be3 Be7 7. f3 Nc6 8.
Qd2 O-O 9. O-O-O a6 10. g4 Qc7 11. g5 Nd7 12. h4 Nde5 13. f4 Nxd4 14. Qxd4
Nc6 15. Qd2 b5 16. h5 b4 17. Na4 d5 18. h6 g6 19. exd5 exd5 20. Qf2 Be6 21.
Bg2 Na5 22. Bb6 Qc6 23. Bxa5 Qxa4 24. Qd4 f6 25. Qe3 Qc6 26. Rhe1 Bf7 27.
Qxe7 Rac8 28. Kb1 Qxc2+ 29. Ka1 Rc6 30. Bxd5 Qa4 31. Bxf7+ Rxf7 32. Rd8+ Rf8
33. Qg7# {Black checkmated} 1-0

[Event "ICC tourney 1955 (60 10)"]
[Site "Internet Chess Club"]
[Date "2020.08.09"]
[Round "7"]
[White "alphachesplayer"]
[Black "Willixm"]
[Result "0-1"]
[ICCResult "White resigns"]
[WhiteElo "1703"]
[BlackElo "1914"]
[Opening "Ruy Lopez: Marshall counter-attack, 11...c6"]
[ECO "C89"]
[NIC "RL.17"]
[Time "12:02:42"]
[TimeControl "3600+10"]

1. e4 e5 2. Nf3 Nc6 3. Bb5 a6 4. Ba4 Nf6 5. O-O Be7 6. Re1 b5 7. Bb3 O-O 8.
c3 d5 9. exd5 Nxd5 10. Nxe5 Nxe5 11. Rxe5 c6 12. d3 Bd6 13. Re1 Bf5 14. Nd2
Bxd3 15. Nf3 Bg6 16. Bg5 Qd7 17. h3 h6 18. Bc1 Bh5 19. Qd3 Nf6 20. Kh1 Rae8
21. Bd2 Bg6 22. Qf1 Be4 23. Bd1 Qf5 24. Be2 Nd5 25. Kg1 Bxf3 26. Bxf3 Nf4
27. Bg4 Qg5 28. g3 Nxh3+ 29. Bxh3 Qxd2 30. Red1 Qxb2 31. Rxd6 Qxc3 32. Rc1
Qa5 33. Rdxc6 Qxa2 34. Bg4 Qa4 35. Bf3 Ra8 36. Qh3 Rae8 37. Qg4 Qa5 38. Rxh6
Qd2 39. Rd1 Qxh6 40. Kg2 g6 41. Rh1 Qg7 42. Qh3 b4 43. Bd5 Re5 44. Bb3 Rh5
45. Qd7 Rxh1 46. Kxh1 Qc3 47. Qd1 Qc6+ 48. Bd5 Rd8 49. Bxc6 Rxd1+ 50. Kg2 b3
51. Ba4 b2 52. Bxd1 b1=Q 53. Bf3 a5 54. Bc6 Kg7 55. Bd7 a4 56. Bxa4 Qe4+ 57.
Kh2 Qxa4 {White resigns} 0-1

[Event "ICC tourney 1955 (60 10)"]
[Site "Internet Chess Club"]
[Date "2020.08.09"]
[Round "7"]
[White "albertyao"]
[Black "askarkztx"]
[Result "1/2-1/2"]
[ICCResult "Game drawn by mutual agreement"]
[WhiteElo "1945"]
[BlackElo "2081"]
[Opening "Ruy Lopez: Wormald (Alapin) attack"]
[ECO "C77"]
[NIC "RL.12"]
[Time "12:02:43"]
[TimeControl "3600+10"]

1. e4 e5 2. Nf3 Nc6 3. Bb5 a6 4. Ba4 Nf6 5. Qe2 b5 6. Bb3 Bc5 7. d3 d6 8.
O-O Na5 9. c3 Nxb3 10. axb3 Bg4 11. Rd1 Nd7 12. Be3 Qf6 13. Nbd2 Bxe3 14.
fxe3 O-O 15. d4 c5 16. Nf1 Rfe8 17. Ng3 Qg6 18. Qf2 Qf6 19. h3 Bxf3 20. Qxf3
Qxf3 21. gxf3 Nf8 22. Nf5 cxd4 23. exd4 Re6 24. Kf2 Ng6 25. Rg1 Kf8 26. d5
Rf6 27. Ke3 Nf4 28. h4 Nxd5+ 29. exd5 Rxf5 30. Ra5 Rf4 31. Rg4 Rxg4 32. fxg4
Ke7 33. Ke4 Kd7 34. Kf5 Kc7 35. g5 Kb6 36. Ra1 Kc5 37. Ke4 Kb6 38. Rf1 Ra7
39. h5 Kc5 40. h6 g6 41. Rf6 Rd7 42. Rf1 Ra7 43. Rf6 Rd7 44. Rf1
{Game drawn by mutual agreement}
1/2-1/2

[Event "ICC tourney 1955 (60 10)"]
[Site "Internet Chess Club"]
[Date "2020.08.09"]
[Round "7"]
[White "gardemarin13"]
[Black "qiaoqiaoszx"]
[Result "0-1"]
[ICCResult "White resigns"]
[WhiteElo "1920"]
[BlackElo "2033"]
[Opening "Sicilian: Grand Prix attack"]
[ECO "B23"]
[NIC "SI.44"]
[Time "12:02:51"]
[TimeControl "3600+10"]

1. e4 c5 2. Nc3 Nc6 3. f4 d6 4. Nf3 e6 5. Bb5 Bd7 6. d3 a6 7. Bxc6 Bxc6 8.
O-O Be7 9. Qe1 Qc7 10. Rb1 b5 11. Qg3 g6 12. f5 gxf5 13. exf5 e5 14. Bg5
O-O-O 15. f6 Nxf6 16. Nxe5 dxe5 17. Bxf6 Bxf6 18. Rxf6 Bxg2 19. Qf2 Rhg8 20.
Ne2 Bh3+ 21. Ng3 Be6 22. a4 b4 23. Re1 Rd4 24. Qf3 Kb8 25. Rf1 c4 26. Qe3 h5
27. Kh1 b3 28. cxb3 Rxd3 29. Qe1 Bd5+ 30. Ne4 Qb7 {White resigns} 0-1

[Event "ICC tourney 1955 (60 10)"]
[Site "Internet Chess Club"]
[Date "2020.08.09"]
[Round "7"]
[White "SuperPuzzler"]
[Black "NK3"]
[Result "1/2-1/2"]
[ICCResult "Game drawn by repetition"]
[WhiteElo "1977"]
[BlackElo "2153"]
[Opening "Sicilian: dragon variation"]
[ECO "B70"]
[NIC "SI.15"]
[Time "12:03:01"]
[TimeControl "3600+10"]

1. e4 c5 2. Nf3 d6 3. d4 cxd4 4. Nxd4 Nf6 5. Nc3 g6 6. Be2 Bg7 7. O-O O-O 8.
Bg5 Nc6 9. Nb3 Be6 10. f4 b5 11. Bf3 Bxb3 12. axb3 b4 13. Ne2 Qb6+ 14. Kh1
Rad8 15. Bh4 Nd7 16. e5 dxe5 17. Bxc6 Nf6 18. Qe1 Qxc6 19. fxe5 Nd5 20. Nd4
Qc7 21. Bg3 e6 22. Qe2 Rc8 23. Ra6 Qc5 24. Bf2 Qc7 25. Bg3 Qc5 26. Bf2 Qc7
27. Bg3 {Game drawn by repetition} 1/2-1/2

[Event "ICC tourney 1955 (60 10)"]
[Site "Internet Chess Club"]
[Date "2020.08.09"]
[Round "7"]
[White "pianoboy"]
[Black "slolla"]
[Result "1-0"]
[ICCResult "Black resigns"]
[WhiteElo "1932"]
[BlackElo "1796"]
[Opening "King's Indian: Makagonov system (5.h3)"]
[ECO "E71"]
[NIC "KI.20"]
[Time "12:03:09"]
[TimeControl "3600+10"]

1. d4 Nf6 2. c4 g6 3. Nc3 Bg7 4. e4 d6 5. h3 O-O 6. Nf3 e5 7. d5 a5 8. Be3
Nbd7 9. Bd3 b6 10. Bc2 Nc5 11. Rb1 Ne8 12. a3 f5 13. b4 f4 14. Bxc5 bxc5 15.
bxc5 dxc5 16. Na4 Qe7 17. Nd2 Bd7 18. Nc3 Nf6 19. Ba4 Rfc8 20. Bxd7 Nxd7 21.
Na4 Rcb8 22. O-O Bf8 23. Qc2 Nb6 24. Rb5 Nxa4 25. Qxa4 Qe8 26. Rfb1 Rb6 27.
Qc2 Raa6 28. a4 Qa8 29. Qc3 Bd6 30. R1b3 Kg7 31. Qb2 Qd8 32. Nf3 Kf6 33. Ne1
Rxb5 34. Rxb5 c6 35. dxc6 Rxc6 36. Nd3 Ke6 37. Qc3 Ra6 38. Rxc5 Qb6 39. Rb5
Qc7 40. c5 Be7 41. Qc4+ Kf6 42. Qd5 Bf8 43. Rb7 {Black resigns} 1-0

[Event "ICC tourney 1955 (60 10)"]
[Site "Internet Chess Club"]
[Date "2020.08.09"]
[Round "7"]
[White "KnightHawk8"]
[Black "DLWarrior"]
[Result "0-1"]
[ICCResult "White checkmated"]
[WhiteElo "2038"]
[BlackElo "1909"]
[Opening "French: Tarrasch, open variation"]
[ECO "C07"]
[NIC "FR.18"]
[Time "12:02:54"]
[TimeControl "3600+10"]

1. e4 e6 2. d4 d5 3. Nd2 c5 4. e5 Nc6 5. Ngf3 cxd4 6. Nb3 Qc7 7. Nbxd4 Nxe5
8. Nb5 Nxf3+ 9. Qxf3 Qe5+ 10. Be2 Bd6 11. g3 Bb8 12. Bf4 Qf6 13. Bxb8 Qxf3
14. Nd6+ Kf8 15. Bxf3 Rxb8 16. c4 Nf6 17. cxd5 Nxd5 18. Rc1 Bd7 19. Bxd5
exd5 20. Rc7 Ke7 21. Nxf7 Rbc8 22. Rxd7+ Kxd7 23. Nxh8 Rc1+ 24. Kd2 Rxh1 25.
Nf7 Rxh2 26. Ke3 Rh1 27. Ne5+ Ke6 28. Nd3 b6 29. Nf4+ Kd6 30. a3 g5 31. Nd3
h5 32. f4 gxf4+ 33. Nxf4 h4 34. gxh4 Rxh4 35. Nd3 Rh3+ 36. Kd4 Rxd3+ 37.
Kxd3 Ke5 38. Ke3 d4+ 39. Kd3 Kd5 40. Kc2 Ke4 41. Kd2 d3 42. Kd1 Ke3 43. Ke1
d2+ 44. Kd1 Kd3 45. a4 a5 46. b4 axb4 47. a5 b3 48. axb6 b2 49. b7 b1=Q#
{White checkmated}
0-1

[Event "ICC tourney 1955 (60 10)"]
[Site "Internet Chess Club"]
[Date "2020.08.09"]
[Round "7"]
[White "aquilesboy"]
[Black "Javierof"]
[Result "0-1"]
[ICCResult "White resigns"]
[WhiteElo "1948"]
[BlackElo "2162"]
[Opening "English opening"]
[ECO "A05"]
[NIC "QP.11"]
[Time "12:02:24"]
[TimeControl "3600+10"]

1. Nf3 Nf6 2. c4 g6 3. Nc3 d5 4. e3 c5 5. cxd5 Nxd5 6. Bb5+ Nc6 7. Ne5 Nxc3
8. Qf3 Qd5 9. Nxc6 Qxf3 10. Ne5+ Qc6 11. Bxc6+ bxc6 12. dxc3 Bg7 13. Nd3 c4
14. Nc5 O-O 15. Bd2 Rb8 16. O-O-O Rb5 17. b4 cxb3 18. Nxb3 Be6 19. Nd4 Bxd4
20. exd4 Rfb8 21. Bf4 R8b6 22. a4 Rb2 23. d5 cxd5 24. Be3 R6b3 25. c4 Bf5
26. Rxd5 Rc2+ {White resigns} 0-1

[Event "ICC tourney 1955 (60 10)"]
[Site "Internet Chess Club"]
[Date "2020.08.09"]
[Round "7"]
[White "Boldmann"]
[Black "Eric1127"]
[Result "0-1"]
[ICCResult "White checkmated"]
[WhiteElo "1800"]
[BlackElo "1659"]
[Opening "Evans gambit"]
[ECO "C52"]
[NIC "IG.05"]
[Time "12:02:47"]
[TimeControl "3600+10"]

1. e4 e5 2. Nf3 Nc6 3. Bc4 Bc5 4. b4 Bxb4 5. c3 Ba5 6. d4 exd4 7. O-O Nf6 8.
e5 d5 9. exf6 dxc4 10. fxg7 Rg8 11. Bg5 f6 12. Nxd4 Nxd4 13. Qh5+ Ke7 14.
cxd4 c5 15. Be3 cxd4 16. Bxd4 b6 17. Qxh7 Bf5 18. Qh4 Qd6 19. Bc3 Rxg7 20.
Re1+ Kf7 21. Qxc4+ Be6 22. Qh4 Rxg2+ 23. Kxg2 Rg8+ 24. Kf1 Qd3+ 25. Re2 Bh3+
26. Qxh3 Qxh3+ 27. Ke1 Bxc3+ 28. Nxc3 Qxc3+ 29. Rd2 Qxa1+ 30. Ke2 Re8+ 31.
Kf3 Qh1+ 32. Kg4 Qg2+ 33. Kf4 Re4+ 34. Kf5 Qg4# {White checkmated} 0-1

[Event "ICC tourney 1955 (60 10)"]
[Site "Internet Chess Club"]
[Date "2020.08.09"]
[Round "7"]
[White "town"]
[Black "gz99754539"]
[Result "1/2-1/2"]
[ICCResult "Game drawn by mutual agreement"]
[WhiteElo "2115"]
[BlackElo "1990"]
[Opening "Ruy Lopez: modern Steinitz defense"]
[ECO "C75"]
[NIC "RL.11"]
[Time "12:02:28"]
[TimeControl "3600+10"]

1. e4 e5 2. Nf3 Nc6 3. Bb5 a6 4. Ba4 d6 5. c3 Bd7 6. O-O g5 7. d4 g4 8. Ne1
h5 9. dxe5 Nxe5 10. f4 Bxa4 11. Qxa4+ Nc6 12. Be3 Qd7 13. Nd2 Nge7 14. Nd3
f5 15. Rae1 O-O-O 16. b4 fxe4 17. Nxe4 Qf5 18. Bd2 Nd5 19. Qb3 Nb6 20. a4 d5
21. Nec5 Nc4 22. Bc1 Bxc5+ 23. Nxc5 Rh6 24. Re5 N6xe5 25. fxe5 Qh7 26. e6
Rg6 27. Qb1 Rg7 28. Qxh7 Rxh7 29. Bg5 Re8 30. e7 Nd6 31. Rf8 Rf7 32. Ne6 Kd7
33. Nc5+ Kc6 34. Ne6 Rfxe7 35. Bxe7 Rxe7 36. Nd4+ Kd7 37. Nf5 Re8 38. Rxe8
Nxe8 39. Kf2 Ke6 40. Nd4+ Ke5 41. Ke3 Nd6 42. g3 Nc4+ 43. Ke2 Ke4 44. Ne6
Ke5 45. Nxc7 d4 {Game drawn by mutual agreement} 1/2-1/2

[Event "ICC tourney 1955 (60 10)"]
[Site "Internet Chess Club"]
[Date "2020.08.09"]
[Round "7"]
[White "hursha6b5"]
[Black "HarleyQueen8"]
[Result "0-1"]
[ICCResult "White resigns"]
[WhiteElo "1888"]
[BlackElo "1743"]
[Opening "Sicilian"]
[ECO "B56"]
[NIC "SI.25"]
[Time "12:02:29"]
[TimeControl "3600+10"]

1. e4 c5 2. Nf3 d6 3. d4 cxd4 4. Nxd4 Nf6 5. Nc3 Nc6 6. f3 e5 7. Nb3 Be6 8.
Be3 d5 9. exd5 Nxd5 10. Nxd5 Bxd5 11. Qd2 Bxb3 12. axb3 Be7 13. Bb5 Qc7 14.
Qf2 O-O 15. O-O Nd4 16. Bc4 Nf5 17. Bxa7 Rxa7 18. Kh1 Bc5 19. Qe2 Ne3 20.
Rfe1 Nxc4 21. Qxc4 Rxa1 22. Rxa1 Qd6 23. c3 Rd8 24. h3 h6 25. b4 Bf2 26. Qb5
Bg3 27. Rg1 Qd5 28. Qb6 Rd7 29. Rf1 Qd3 30. Rg1 Qe2 31. Qc5 Kh7 32. Qc8 Qd3
33. Qc5 Qc2 34. Rf1 Rd1 35. Rxd1 Qxd1+ 36. Qg1 Qxg1+ 37. Kxg1 Be1 38. Kf1
Bd2 39. b5 Kg6 40. Ke2 Bc1 41. b4 Kf6 42. Kd3 Ke6 43. c4 Kd6 44. g4 b6 45.
h4 Bf4 46. Ke4 Bd2 47. c5+ bxc5 48. bxc5+ Kxc5 49. Kxe5 Bc3+ 50. Ke4 Bf6 51.
h5 Kxb5 52. Kf5 Kc5 53. f4 Kd5 54. g5 hxg5 55. fxg5 Bxg5 56. Kxg5 Ke5 57.
Kg4 f5+ 58. Kf3 f4 59. Kg4 Ke4 60. Kg5 f3 61. Kg6 f2 62. Kxg7 f1=Q 63. h6
Qg2+ 64. Kh8 Kf5 65. h7 Qa8+ 66. Kg7 Qb7+ 67. Kg8 Kg6 68. h8=N+ Kf6
{White resigns}
0-1

[Event "ICC tourney 1955 (60 10)"]
[Site "Internet Chess Club"]
[Date "2020.08.09"]
[Round "7"]
[White "ShaunTracey"]
[Black "sirking2800"]
[Result "1/2-1/2"]
[ICCResult "Game drawn by mutual agreement"]
[WhiteElo "1857"]
[BlackElo "1998"]
[Opening "Giuoco Pianissimo"]
[ECO "C55"]
[NIC "IG.01"]
[Time "12:03:13"]
[TimeControl "3600+10"]

1. e4 e5 2. Nf3 Nc6 3. Bc4 Nf6 4. d3 Bc5 5. c3 O-O 6. Bb3 d6 7. Bg5 h6 8.
Bh4 Bg4 9. h3 Be6 10. Bc2 a5 11. Nbd2 Kh8 12. a4 Rg8 13. g4 g5 14. Bg3 Qd7
15. Qe2 d5 16. Nxe5 Qe7 17. Nxc6 bxc6 18. d4 Ba7 19. e5 Nd7 20. h4 c5 21.
hxg5 Qxg5 22. f3 cxd4 23. cxd4 Bxd4 24. Qd3 Qe3+ 25. Qxe3 Bxe3 26. Ke2 Bd4
27. Rxh6+ Kg7 28. Rh5 Kf8 29. Rb1 Rxg4 30. fxg4 Bxg4+ 31. Kd3 Bxh5 32. Kxd4
Ke7 33. Bf5 Rg8 34. Rg1 Ke8 35. Bf2 Rh8 36. b3 c6 37. Rg2 Bd1 38. Bxd7+ Kxd7
39. Kc5 Rh3 40. Bg3 Rh8 41. Rf2 Rg8 42. Bh4 Ke6 43. Bf6 Rg3 44. Kxc6 Bxb3
45. Kb5 Bd1 46. Kxa5 Rg4 47. Kb5 Bxa4+ 48. Kc5 Bc2 49. Rh2
{Game drawn by mutual agreement}
1/2-1/2

[Event "ICC tourney 1955 (60 10)"]
[Site "Internet Chess Club"]
[Date "2020.08.09"]
[Round "7"]
[White "piplup0621"]
[Black "Baseballchamp"]
[Result "1/2-1/2"]
[ICCResult "White stalemated"]
[WhiteElo "1905"]
[BlackElo "2046"]
[Opening "Queen's pawn game, Darooha variation "]
[ECO "D11"]
[NIC "QP.09"]
[Time "12:03:14"]
[TimeControl "3600+10"]

1. Nf3 d5 2. d4 Nf6 3. c4 c6 4. Qb3 dxc4 5. Qxc4 Bg4 6. Nbd2 Nbd7 7. g3 Qc7
8. Bg2 Rd8 9. O-O e5 10. e4 Bd6 11. h3 Be6 12. Qc2 O-O 13. dxe5 Nxe5 14.
Nxe5 Bxe5 15. Nf3 Rfe8 16. Nxe5 Qxe5 17. Bf4 Qh5 18. e5 Nd5 19. g4 Qh4 20.
Bg3 Qh6 21. a3 Nf4 22. Bxf4 Qxf4 23. Qc3 Bd5 24. Rae1 Bxg2 25. Kxg2 Rd5 26.
Qe3 Qxe3 27. Rxe3 Rexe5 28. Rfe1 Rxe3 29. Rxe3 Kf8 30. b4 f6 31. Kf3 Kf7 32.
h4 Rd4 33. Kg3 Rd5 34. h5 a5 35. Rb3 Rb5 36. Rd3 axb4 37. axb4 Rxb4 38. Rd7+
Kf8 39. Rc7 h6 40. f3 Rb5 41. Kf4 Kg8 42. Ke4 c5 43. f4 Rb4+ 44. Kf5 Kh7 45.
Rxc5 b6 46. Rd5 Rc4 47. Rd7 b5 48. Rb7 Rb4 49. g5 fxg5 50. fxg5 hxg5 51.
Kxg5 Rb1 52. h6 Rg1+ 53. Kh5 Rh1+ 54. Kg4 Kxh6 55. Rxb5 Rg1+ 56. Kf3 g5 57.
Rb8 Rf1+ 58. Kg4 Rf4+ 59. Kg3 Rf6 60. Rh8+ Kg6 61. Ra8 Rb6 62. Rg8+ Kh6 63.
Rh8+ Kg7 64. Ra8 Re6 65. Rb8 Rf6 66. Ra8 Kg6 67. Rb8 Kf5 68. Rb5+ Kg6 69.
Rb8 Kh5 70. Rh8+ Rh6 71. Rxh6+ Kxh6 72. Kg4 Kg6 73. Kg3 Kf5 74. Kf3 g4+ 75.
Kg3 Kg5 76. Kg2 Kf4 77. Kf2 Ke4 78. Kg3 Kf5 79. Kg2 Kf4 80. Kf2 g3+ 81. Kg2
Kg4 82. Kg1 Kh3 83. Kh1 Kh4 84. Kg2 Kg4 85. Kg1 Kf3 86. Kf1 Ke3 87. Kg2 Kf4
88. Kg1 Kf3 89. Kf1 Kg4 90. Kg2 Kh4 91. Kg1 Kh3 92. Kh1 g2+ 93. Kg1 Kg3
{White stalemated}
1/2-1/2

[Event "ICC tourney 1955 (60 10)"]
[Site "Internet Chess Club"]
[Date "2020.08.09"]
[Round "7"]
[White "MysteryHunter"]
[Black "davidbtn"]
[Result "1-0"]
[ICCResult "Black checkmated"]
[WhiteElo "1688"]
[BlackElo "1755"]
[Opening "French: Winawer, advance variation"]
[ECO "C17"]
[NIC "FR.10"]
[Time "12:03:34"]
[TimeControl "3600+10"]

1. e4 e6 2. d4 d5 3. Nc3 Bb4 4. e5 c5 5. f4 Qa5 6. Bd2 cxd4 7. Nce2 Bxd2+ 8.
Qxd2 Qxd2+ 9. Kxd2 Nc6 10. Nf3 Nge7 11. Nexd4 Bd7 12. Nb5 O-O 13. c3 Nf5 14.
Bd3 Nce7 15. Nbd4 g6 16. g4 Ng7 17. h3 Rfc8 18. Rhf1 a6 19. a4 Nc6 20. a5
Nxd4 21. Nxd4 Bb5 22. Nxb5 axb5 23. b4 Ne8 24. Bxb5 Nc7 25. Bd3 Na6 26. Rfb1
Rc7 27. Ra3 Rac8 28. g5 Nb8 29. b5 Kf8 30. h4 Ke7 31. a6 bxa6 32. bxa6 Ra7
33. Rab3 Nc6 34. Rb7+ Rc7 35. Rxc7+ Rxc7 36. Rb6 Kd8 37. Bb5 Na5 38. Rb8+
Ke7 39. Re8# {Black checkmated} 1-0

[Event "ICC tourney 1955 (60 10)"]
[Site "Internet Chess Club"]
[Date "2020.08.09"]
[Round "7"]
[White "glmccoy"]
[Black "Arsalchess"]
[Result "1-0"]
[ICCResult "Black resigns"]
[WhiteElo "1905"]
[BlackElo "1991"]
[Opening "English opening"]
[ECO "A20"]
[NIC "EO.24"]
[Time "12:02:24"]
[TimeControl "3600+10"]

1. c4 e5 2. g3 Nf6 3. Bg2 d5 4. cxd5 Nxd5 5. Nc3 Nb6 6. Nf3 Nc6 7. O-O Be7
8. d3 O-O 9. Be3 Re8 10. Qc1 Bf8 11. Rd1 Nd4 12. Bxd4 exd4 13. Ne4 f5 14.
Ned2 Be6 15. Nc4 c5 16. e3 Bd5 17. b4 Rc8 18. bxc5 Bxc5 19. Qb2 dxe3 20.
Nxe3 Bxe3 21. fxe3 Rxe3 22. Nd4 Bxg2 23. Nxf5 Re7 24. Nxe7+ Qxe7 25. Qxg2
Rd8 26. Qe4 Qd7 27. Re1 Qc7 28. Qe6+ Qf7 29. Rad1 Nc4 {Black resigns} 1-0

[Event "ICC tourney 1955 (60 10)"]
[Site "Internet Chess Club"]
[Date "2020.08.09"]
[Round "7"]
[White "Ayushb"]
[Black "leojiang"]
[Result "0-1"]
[ICCResult "White resigns"]
[WhiteElo "1698"]
[BlackElo "1875"]
[Opening "French: exchange variation"]
[ECO "C01"]
[NIC "FR.01"]
[Time "12:03:31"]
[TimeControl "3600+10"]

1. e4 e6 2. d4 d5 3. exd5 exd5 4. Bd3 Bd6 5. c3 Ne7 6. Nf3 c6 7. Bg5 h6 8.
Bh4 O-O 9. O-O Qc7 10. Bg3 Bg4 11. Nbd2 Nd7 12. Qc2 Bh5 13. Rfe1 Bxg3 14.
hxg3 Rfe8 15. Ne5 Nxe5 16. Rxe5 Bg6 17. Rae1 Qd7 18. Nf3 Bxd3 19. Qxd3 Ng6
20. R5e3 Kf8 21. Ne5 Nxe5 22. dxe5 Kg8 23. c4 Rad8 24. Rd1 Qe7 25. Qc3 dxc4
26. Rxd8 Rxd8 27. Qxc4 Rd1+ 28. Kh2 Qg5 29. Qe2 Rd5 30. f4 Qf5 31. Re4 Qd7
32. e6 fxe6 33. Rxe6 Rh5+ 34. Kg1 Qd4+ 35. Qe3 Qxe3+ 36. Rxe3 Rd5 37. Re2
Kf7 38. Kf2 Rd3 39. g4 Kf6 40. Re3 Rd2+ 41. Re2 Rxe2+ 42. Kxe2 Ke6 43. Kf3
Kd5 44. g5 hxg5 45. Kg4 gxf4 46. Kxf4 Ke6 47. Kg5 Kf7 48. Kf5 g6+ 49. Ke5
Ke7 50. b4 b6 51. a4 a6 52. g4 Kd7 53. a5 b5 54. Kd4 Kd6 55. g5 Kd7 56. Kd3
Kd6 57. Kd4 c5+ 58. bxc5+ Kc6 59. Ke5 Kxc5 60. Kf6 b4 61. Kxg6 b3 62. Kf7 b2
63. g6 b1=Q 64. g7 Qf5+ 65. Ke8 Qg6+ 66. Kf8 Qf6+ 67. Kg8 Kb5 68. Kh7 Kxa5
69. g8=Q Qh4+ 70. Kg6 Qg3+ 71. Kf7 Qxg8+ 72. Kxg8 Kb4 73. Kf7 a5 74. Ke6 a4
75. Kd5 a3 76. Kd4 a2 {White resigns} 0-1

[Event "ICC tourney 1955 (60 10)"]
[Site "Internet Chess Club"]
[Date "2020.08.09"]
[Round "7"]
[White "ganzy"]
[Black "Mozart1"]
[Result "1-0"]
[ICCResult "Black resigns"]
[WhiteElo "2088"]
[BlackElo "1874"]
[Opening "Four knights: Spanish, classical defense"]
[ECO "C48"]
[NIC "KP.03"]
[Time "12:03:14"]
[TimeControl "3600+10"]

1. e4 e5 2. Nf3 Nc6 3. Nc3 Nf6 4. Bb5 Bc5 5. O-O O-O 6. d3 Nd4 7. Nxe5 d6 8.
Nf3 Bg4 9. Be3 Nxf3+ 10. gxf3 Bh3 11. Re1 Bxe3 12. fxe3 c6 13. Ba4 Qa5 14.
Kh1 Qg5 15. Qe2 b5 16. Rg1 Qe5 17. f4 Qe7 18. Bb3 a5 19. a4 b4 20. Nd1 Rfe8
21. Nf2 Be6 22. Bxe6 fxe6 23. Rg5 Ra7 24. Rag1 Qf8 25. c4 Ree7 26. e5 dxe5
27. fxe5 Nd7 28. Ne4 Kh8 29. Rh5 Qg8 30. Qg4 Ra8 31. Qh4 Ree8 32. Ng5 Nf8
33. Rf1 Ra7 34. Rxf8 {Black resigns} 1-0

[Event "ICC tourney 1955 (60 10)"]
[Site "Internet Chess Club"]
[Date "2020.08.09"]
[Round "7"]
[White "firewoods"]
[Black "aghilan"]
[Result "1-0"]
[ICCResult "Black resigns"]
[WhiteElo "2181"]
[BlackElo "1859"]
[Opening "Ruy Lopez: closed, Chigorin defense"]
[ECO "C97"]
[NIC "RL.23"]
[Time "12:03:09"]
[TimeControl "3600+10"]

1. e4 e5 2. Nf3 Nc6 3. Bb5 a6 4. Ba4 Nf6 5. O-O b5 6. Bb3 Be7 7. Re1 O-O 8.
c3 d6 9. h3 Na5 10. Bc2 c5 11. d4 Qc7 12. d5 Nc4 13. Nbd2 Nxd2 14. Bxd2 Bd7
15. Nh2 Rfc8 16. f4 a5 17. Nf3 Rd8 18. fxe5 dxe5 19. c4 b4 20. Ba4 Bxa4 21.
Qxa4 Nd7 22. Qc2 Nb6 23. a4 f6 24. b3 Nc8 25. Be3 Bd6 26. Nh4 Ne7 27. Rf1
Qd7 28. Rf3 Qe8 29. Qf2 Qh5 30. Nf5 Nxf5 31. Rxf5 Qg6 32. Bxc5 Bxc5 33. Qxc5
Qg3 34. Rf3 Qh4 35. Qe3 Rac8 36. c5 Qh5 37. c6 {Black resigns} 1-0

[Event "ICC tourney 1955 (60 10)"]
[Site "Internet Chess Club"]
[Date "2020.08.09"]
[Round "7"]
[White "agpil"]
[Black "bishoboo"]
[Result "0-1"]
[ICCResult "White checkmated"]
[WhiteElo "1831"]
[BlackElo "2011"]
[Opening "Caro-Kann: advance variation"]
[ECO "B12"]
[NIC "CK.04"]
[Time "12:03:33"]
[TimeControl "3600+10"]

1. e4 c6 2. d4 d5 3. e5 Bf5 4. h4 h6 5. g4 Bh7 6. e6 fxe6 7. Bd3 Bxd3 8.
Qxd3 Qd6 9. Qg6+ Kd8 10. Nf3 Nd7 11. Nc3 e5 12. Qf5 exd4 13. Nxd4 e5 14. Nb3
Qf6 15. Qd3 Nc5 16. Qe2 Nxb3 17. axb3 Bd6 18. Bd2 Ne7 19. O-O-O Rf8 20. Rdf1
Qf3 21. g5 Qxe2 22. Nxe2 h5 23. f4 exf4 24. Bxf4 Kd7 25. Bd2 g6 26. Bc3 Nf5
27. Bf6 Ng3 28. Nxg3 Bxg3 29. Rh3 Bd6 30. Rhf3 Rf7 31. Bd4 Rxf3 32. Rxf3 Rf8
33. Rxf8 Bxf8 34. Kd2 Ke6 35. Ke2 a6 36. Kf3 Bd6 37. Be3 b5 38. c3 a5 39.
Bd2 a4 40. b4 Be5 41. Bc1 a3 42. bxa3 Bxc3 43. Ke2 Kf5 44. Kf3 Be1 45. Be3
Bxh4 46. Bc5 Bxg5 47. Be3 Bxe3 48. Kxe3 g5 49. Kf3 h4 50. Kg2 d4 51. a4 bxa4
52. Kh3 d3 53. b5 cxb5 54. Kg2 d2 55. Kh3 d1=Q 56. Kh2 g4 57. Kg2 h3+ 58.
Kh2 Qe2+ 59. Kh1 Qg2# {White checkmated} 0-1